 Dungeon Crawl Stone Soup version 0.27-a0-1579-g97d2440184 (webtiles) character file.

Game seed: 4416225653586268081

3744 Zonian the Covert (level 10, -1/51 HPs)
             Began as a Vine Stalker Ice Elementalist on July 17, 2021.
             Was a Follower of Uskayaw.
             Slain by an orc (10 damage)
             ... on level 7 of the Dungeon.
             The game lasted 00:28:33 (11507 turns).

Zonian the Covert (Vine Stalker Ice Elementalist)  Turns: 11507, Time: 00:28:34

Health: -1/51      AC: 15    Str: 17    XL:     10   Next: 15%
Magic:  0/16       EV: 13    Int: 15    God:    Uskayaw [*.....]
Gold:   421        SH:  4    Dex: 18    Spells: 14/15 levels left

rFire    + . .     SeeInvis .   m - +2 dagger (protect)
rCold    . . .     Faith    .   i - +0 buckler
rNeg     . . .     Spirit   +   o - +1 ring mail {rF+}
rPois    +         Reflect  .   A - +1 helmet
rElec    .         Harm     .   (no cloak)
rCorr    .         Rampage  .   (no gloves)
Will     +....                  (no boots)
Stlth    +++.......             r - amulet of magic regeneration
HPRegen  1.17/turn              u - +6 ring of strength
MPRegen  0.40/turn              w - ring of poison resistance

@: about to teleport, under a protective aura
A: fangs 3, regeneration 1, magic shield, antimagic bite, no potion heal 2
a: Renounce Religion, Stomp


You were on level 7 of the Dungeon.
You worshipped Uskayaw.
Uskayaw was noncommittal.
You visited 1 branch of the dungeon, and saw 7 of its levels.
You also visited: Ossuary.

You collected 421 gold pieces.

Inventory:

Hand Weapons
 b - a +1 short sword
 e - a +0 dagger
 g - a +0 hand axe of electrocution
 k - a +1 hand axe of flaming
 m - a +2 dagger of protection (weapon)
 x - a +2 rapier of flaming
 y - a +2 quarterstaff of speed
Missiles
 h - 3 poisoned darts
 z - 10 sling bullets
 D - 3 throwing nets
 E - 6 boomerangs
 J - 7 atropa-tipped darts
Armour
 a - a +0 robe
 i - a +0 buckler (worn)
 o - a +1 ring mail of fire resistance (worn)
 v - a +3 scale mail
 A - a +1 helmet (worn)
 F - a +2 scale mail of poison resistance
Jewellery
 r - an amulet of magic regeneration (around neck)
 u - a +6 ring of strength (left hand)
 w - a ring of poison resistance (right hand)
Wands
 K - a wand of iceblast (8)
Scrolls
 c - 4 scrolls of immolation
 l - a scroll of amnesia
 s - a scroll of magic mapping
 G - 3 scrolls of enchant armour
 H - a scroll of blinking
 I - a scroll of teleportation
 M - a scroll of enchant weapon
 O - a scroll of noise {unknown}
Potions
 d - a potion of heal wounds
 f - a potion of ambrosia
 j - a potion of degeneration
 n - 7 potions of curing
 p - 2 potions of flight
 q - 2 potions of attraction {unknown}
 t - a potion of invisibility {unknown}
 B - a potion of haste {unknown}
 C - a potion of brilliance {unknown}
 L - 2 potions of lignification {unknown}
 N - a potion of cancellation {unknown}
 P - a potion of mutation {unknown}


   Skills:
 + Level 5.2 Fighting
 + Level 5.4 Short Blades
 - Level 0.1 Axes
 - Level 1.8 Armour
 + Level 5.4 Dodging
 + Level 8.4 Stealth
 - Level 3.3 Spellcasting
 - Level 5.0 Ice Magic
 + Level 5.3 Invocations


You had 14 spell levels left.
You knew the following spells:

 Your Spells              Type           Power      Damage    Failure   Level
a - Freeze                Ice            68%        1d8       8%          1

Your spell library contained the following spells:

 Spells                   Type           Power      Damage    Failure   Level
 Frozen Ramparts          Ice            34%        1d5       22%         3
 Ozocubu's Armour         Ice            17%        N/A       22%         3
 Magic Dart               Conj           8%         1d3       52%         1
 Sandblast                Erth           4%         2d4       52%         1
 Call Imp                 Summ           2%         N/A       65%         2
 Passwall                 Tmut/Erth      1%         N/A       65%         2
 Call Canine Familiar     Summ           2%         N/A       87%         3
 Mephitic Cloud           Conj/Pois/Air  2%         N/A       87%         3
 Portal Projectile        Hex/Tloc       4%         N/A       87%         3
 Hailstorm                Conj/Ice       10%        3d5       91%         4
 Leda's Liquefaction      Hex/Erth       1%         N/A       99%         4
 Lee's Rapid Deconstruct  Erth           1%         3d5*      100%        5
 Conjure Ball Lightning   Conj/Air       1%         3x3d6     100%        6
 Discord                  Hex            1%         N/A       100%        8
 Disjunction              Tloc           1%         N/A       100%        8


Dungeon Overview and Level Annotations

Branches:
Dungeon (7/15)             Temple (0/1) D:6         Ossuary (visited)

Altars:
Ashenzari
Cheibriados
Dithmenos
Kikubaaqudgha
Qazlal
Trog
Uskayaw
Xom
Yredelemnul
Zin


Innate Abilities, Weirdness & Mutations

You have razor-sharp teeth.
Your natural rate of healing is unusually fast.
When hurt, damage is shared between your health and your magic reserves.
Your bite disrupts and absorbs the magic of your enemies.
Potions cannot restore your health.


Message History

The orc wizard hits you but does no damage.
The orc closely misses you. The orc warrior barely misses you.
You hit the orc warrior but do no damage.
The orc warrior is lightly wounded.
The orc wizard hits you with a +1 dagger of electrocution.
You are electrocuted!
The orc misses you.
You hit the orc warrior but do no damage.
You bite the orc warrior. You drain its power.
You feel invigorated.
The orc warrior is moderately wounded.
The orc warrior misses you.
Unknown command.
You hit the orc wizard but do no damage.
You bite the orc wizard, but do no damage.
The orc wizard hits you with a +1 dagger of electrocution.
You are electrocuted!
An orc priest comes into view. It is wielding a +0 short sword.
The orc barely misses you.
The orc warrior hits you but does no damage.
You hit the orc wizard. You bite the orc wizard.
The orc wizard's magic leaks into the air.
You drain its magic.
You feel invigorated.
The orc wizard is lightly wounded.
The orc wizard hits you but does no damage.
The orc priest invokes the aid of Beogh against you.
Beogh smites you!
* * * LOW HITPOINT WARNING * * *
You block the orc's attack.
The orc warrior hits you with a +0 long sword.
* * * LOW HITPOINT WARNING * * *
Unknown command.
As you read the scroll of teleportation, it crumbles to dust.
You feel strangely unstable.
The orc wizard hits you but does no damage.
The orc barely misses you.
The orc warrior hits you with a +0 long sword.
* * * LOW HITPOINT WARNING * * *
Unknown command.
The orc priest miscasts a cantrip.
The orc hits you but does no damage.
You are electrocuted!
You die...

.##....####+##'###.##.##.########
.........#......+.....#......#...
###......#......#.....#......#...
##......#......#.....#......#...
#.......# .....#..)..#......#...
#.......# o...#.....#......'...
##..##.## #..####..########..#
##..##.##.###oo####..##.##)##..#
#.............o@.....)..#)......
#.......................#.......
#........................#.....#
#................##......#######
##..##..........>.######.#
#..##....#######.# ### #...#....#
## ....#.....


You could see an orc warrior, an orc priest, an orc wizard and an orc.

Vanquished Creatures
  Eustachio (D:5)
  5 yaks (D:5)
  2 steam dragons
  Edmund (D:6)
  A sky beast (D:6)
  An orc warrior (D:6)
  2 ice beasts
  A centaur (D:4)
  An ogre (D:5)
  3 bullfrogs
  15 scorpions
  A water moccasin zombie (D:5)
  A howler monkey (D:5)
  2 centaur zombies (Ossuary)
  A human zombie (Ossuary)
  A hound (D:5)
  A jelly (D:5)
  A centaur skeleton (D:6)
  A gnoll shaman (D:7)
  3 iguanas
  An orc wizard (D:7)
  4 scorpion zombies (Ossuary)
  4 mummies
  A hound skeleton (D:4)
  A howler monkey zombie (D:6)
  10 gnolls
  A howler monkey skeleton (D:7)
  13 adders
  An ufetubus (D:4)
  3 worms (D:2)
  2 dart slugs
  8 orcs
  6 endoplasms
  3 giant cockroaches
  6 goblins
  10 hobgoblins
  16 jackals
  6 quokkas
  10 ball pythons
  3 bats
  5 frilled lizards
  2 goblin zombies (Ossuary)
  A hobgoblin zombie (Ossuary)
  10 kobolds
  4 orc zombies
  7 rats
183 creatures vanquished.

Notes
Turn   | Place    | Note
-------+----------+-------------------------------------------
     0 | D:1      | Zonian the Vine Stalker Ice Elementalist began the quest
                  | for the Orb.
     0 | D:1      | Reached XP level 1. HP: 9/9 MP: 4/4
    10 | D:1      | You fall into a shaft and drop 1 floor!
   273 | D:1      | Reached XP level 2. HP: 3/13 MP: 0/6
  1681 | D:1      | Reached XP level 3. HP: 16/16 MP: 7/7
  2182 | D:1      | Found a faded altar of an unknown god.
  2643 | D:2      | Reached skill level 1 in Short Blades
  2666 | D:2      | Reached skill level 3 in Stealth
  2666 | D:2      | Gained mutation: Your natural rate of healing is unusually
                  | fast. [Vine Stalker growth]
  2666 | D:2      | Reached XP level 4. HP: 8/21 MP: 4/8
  3460 | D:2      | Reached XP level 5. HP: 24/25 MP: 7/10
  4546 | D:3      | Reached skill level 1 in Fighting
  5030 | D:3      | Noticed an ice beast
  5272 | D:3      | Killed an ice beast
  5273 | D:3      | Reached skill level 4 in Stealth
  5273 | D:3      | Reached XP level 6. HP: 10/30 MP: 3/11
  6218 | D:4      | Found a glowing silver altar of Zin.
  6343 | D:4      | Found a hide-covered altar of Uskayaw.
  6361 | D:4      | Became a worshipper of Uskayaw the Reveller
  7021 | D:4      | Reached * piety under Uskayaw
  7027 | D:4      | Reached ** piety under Uskayaw
  7034 | D:4      | Reached *** piety under Uskayaw
  7036 | D:4      | Reached skill level 5 in Ice Magic
  7036 | D:4      | Reached XP level 7. HP: 12/34 MP: 0/13
  7036 | D:4      | Reached **** piety under Uskayaw
  7182 | D:5      | Entered Level 5 of the Dungeon
  7210 | D:5      | Noticed a yak
  7211 | D:5      | Noticed a yak
  7213 | D:5      | Noticed a yak
  7213 | D:5      | Noticed a yak
  7415 | D:5      | Found a broken altar of Ashenzari.
  7487 | D:5      | Found a snail-covered altar of Cheibriados.
  7532 | D:5      | Reached skill level 1 in Invocations
  7771 | D:5      | Noticed a yak
  7795 | D:5      | Killed a yak
  7796 | D:5      | Reached skill level 5 in Stealth
  7805 | D:5      | Killed a yak
  7807 | D:5      | Reached ***** piety under Uskayaw
  7818 | D:5      | Killed a yak
  7819 | D:5      | Gained mutation: You have razor-sharp teeth. [Vine Stalker
                  | growth]
  7819 | D:5      | Reached XP level 8. HP: 8/39 MP: 3/14
  7824 | D:5      | Reached ****** piety under Uskayaw
  7831 | D:5      | Killed a yak
  7843 | D:5      | Killed a yak
  7844 | D:5      | Reached skill level 6 in Stealth
  8085 | D:5      | Noticed Eustachio
  8096 | D:5      | Killed Eustachio
  8558 | D:5      | Reached XP level 9. HP: 26/45 MP: 8/15
  9003 | D:6      | Noticed Edmund
  9270 | D:6      | Reached skill level 1 in Armour
  9581 | D:6      | Reached skill level 7 in Stealth
  9824 | D:6      | Found a basalt altar of Yredelemnul.
  9825 | D:6      | Found a bloodstained altar of Trog.
  9825 | D:6      | Found an ancient bone altar of Kikubaaqudgha.
  9825 | D:6      | Found a shadowy altar of Dithmenos.
  9826 | D:6      | Found a shimmering altar of Xom.
  9828 | D:6      | Found a stormy altar of Qazlal.
 10049 | D:6      | Found a staircase to the Ecumenical Temple.
 10107 | D:6      | Killed Edmund
 10356 | D:7      | Found a sand-covered staircase.
 10361 | Ossuary  | Entered an ossuary
 10687 | Ossuary  | Reached skill level 5 in Short Blades
 10730 | Ossuary  | Reached skill level 5 in Dodging
 10820 | Ossuary  | Reached skill level 5 in Fighting
 10820 | Ossuary  | Reached skill level 8 in Stealth
 10822 | Ossuary  | Reached skill level 5 in Invocations
 10822 | Ossuary  | Reached XP level 10. HP: 48/51 MP: 14/16
 11507 | D:7      | Slain by an orc

Illustrated notes

Levels and vault maps discovered:
D:1:      lightli_iron_boxes, layout_basic, shapermc_ecumenical_altar_pompeii
D:2:      layout_basic, minmay_close_crescents
D:3:      layout_basic
D:4:      layout_basic, nicolae_uskayaw_suspiria, zin_treasury, serial_rivers,
          chequers_serial_rivers_small_a, chequers_serial_rivers_micro_a,
          chequers_serial_rivers_micro_c, chequers_serial_rivers_micro_e,
          chequers_serial_rivers_room_b
D:5:      layout_loops_cross, lemuel_tele_altar, ashenzari_conservatory_becter,
          minmay_joined_circles, uniq_eustachio
D:6:      layout_basic, minitemple, minmay_temple_entry_large_hall, uniq_edmund
D:7:      gammafunk_corrupted_shrine, layout_gridville,
          nicolae_ossuary_entry_giza

Skill      XL: |  1  2  3  4  5  6  7  8  9 |
---------------+----------------------------+-----
Dodging        | 2 3 4 5 |  5.4
Short Blades   | 1 2 3 4 5 |  5.4
Stealth        | 3 4 5 6 8 |  8.4
Fighting       | 1 2 3 5 |  5.2
Spellcasting   | 3 |  3.3
Ice Magic      | 5 |  5.0
Invocations    | 2 3 5 |  5.3
Armour         | 1 |  1.8
Axes           | |  0.1

Action                   |  1- 3 |  4- 6 |  7- 9 | 10-12 || total
-------------------------+-------+-------+-------+-------++-------
Melee: Unarmed           |    15 |       |       |       ||    15
       Bite              |    23 |    26 |   177 |    36 ||   262
       Short sword       |    94 |    61 |       |       ||   155
       Hand axe          |       |    48 |       |       ||    48
       Dagger            |       |    49 |   403 |   107 ||   559
       Rapier            |       |       |     9 |       ||     9
Throw: Throwing net      |       |       |     2 |       ||     2
 Cast: Freeze            |    16 |    30 |    19 |       ||    65
Invok: Line Pass         |       |       |     3 |       ||     3
  Use: Scroll            |       |     9 |     3 |     4 ||    16
       Potion            |       |       |     1 |       ||     1
 Stab: Sleeping          |     5 |    14 |     8 |     1 ||    28
       Paralysed         |       |     1 |    12 |     6 ||    19
       Held in net/web   |       |       |     2 |       ||     2
Armor: Robe              |    19 |    36 |    28 |       ||    83
       Ring mail         |       |       |   102 |    35 ||   137
Dodge: Dodged            |    65 |   120 |   254 |    57 ||   496
Block: Buckler           |       |    19 |    60 |    25 ||   104

Table legend: (Time is in decaauts)
 A = Elapsed time spent in this place.
 B = Non-inter-level travel time spent in this place.
 C = Inter-level travel time spent in this place.
 D = Time resting spent in this place.
 E = Time spent auto-exploring this place.
 F = Levels seen in this place.
 G = Mean time per level.
                   A        B        C        D        E       F      G
               +--------+--------+--------+--------+--------+-----+--------+
         Total |  11465 |  11267 |    198 |   5228 |   3360 |   8 | 1433.1 |
       Dungeon |  10863 |  10665 |    198 |   5065 |   3345 |   7 | 1551.9 |
       Ossuary |    601 |    601 |      0 |    163 |     15 |   1 |  601.0 |
               +--------+--------+--------+--------+--------+-----+--------+

Top non-repeatable levels by time:
     D:1: 2402 daAuts
     D:3: 1907 daAuts
     D:2: 1780 daAuts
     D:5: 1685 daAuts
     D:4: 1530 daAuts
     D:6: 1034 daAuts
 Ossuary: 601 daAuts
     D:7: 523 daAuts
